 Dungeon Crawl Stone Soup version 0.29-a0-284-gf9362112df (webtiles) character file.

Game seed: 4989126932139624938

1 siradein the Grave Robber (level 1, 0/14 HPs)
             Began as a Draconian Necromancer on Mar 22, 2022.
             Slain by a spectral hobgoblin (1 damage)
             ... on level 1 of the Dungeon.
             The game lasted 00:00:42 (63 turns).

siradein the Grave Robber (Draconian Necromancer)     Turns: 63, Time: 00:00:42

Health: 0/14       AC:  4    Str: 10    XL:     1   Next: 16%
Magic:  3/3        EV: 12    Int: 15    God:
Gold:   0          SH:  0    Dex: 11    Spells: 3/4 levels left

rFire   . . .      SeeInvis .   (no weapon)
rCold   . . .      Faith    .   (no shield)
rNeg    . . .      Spirit   .   (body armour unavailable)
rPois   .          Reflect  .   (helmet restricted)
rElec   .          Harm     .   (no cloak)
rCorr   .          Rampage  .   (no gloves)
Will    .....                   (no boots)
Stlth   ++........              (no amulet)
HPRegen 0.04/turn               (no ring)
MPRegen 0.08/turn               (no ring)

@: no status effects
A: AC +4, unfitting armour, cold-blooded
a: no special abilities


You were on level 1 of the Dungeon.
You visited 1 branch of the dungeon, and saw 1 of its levels.

Inventory:

Potions
 a - a potion of magic


   Skills:
 + Level 0.0 Fighting
 + Level 1.8 Dodging
 - Level 1.7 Stealth
 + Level 2.0 Spellcasting
 * Level 4.0 Necromancy


You had 3 spell levels left.
You knew the following spells:

 Your Spells              Type           Power      Damage    Failure   Level
a - Pain                  Necr           52%        1d6       4%          1

Your spell library contained the following spells:

 Spells                   Type           Power      Damage    Failure   Level
 Animate Skeleton         Necr           26%        N/A       4%          1
 Vampiric Draining        Necr           13%        2d6       13%         3
 Animate Dead             Necr           6%         N/A       38%         4
 Agony                    Necr           13%        N/A       75%         5


Dungeon Overview and Level Annotations

Branches:
Dungeon (1/15)

Altars:


Innate Abilities, Weirdness & Mutations

Your plain brown scales are hard. (AC +4)
You cannot fit into any form of body armour.
You are cold-blooded and may be slowed by cold attacks.


Message History

The quokka bites you but does no damage.
You closely miss the quokka.
You tail-slap the quokka, but do no damage.
The quokka is almost dead.
The quokka closely misses you. The quokka bites you.
You miss the quokka.
The quokka is almost dead.
The quokka closely misses you.
You barely miss the quokka.
The quokka is almost dead.
The quokka bites you.
* * * LOW HITPOINT WARNING * * *
You miss the quokka.
The quokka is almost dead.
The quokka bites you but does no damage.
You hit the quokka.
You kill the quokka!
You hit the spectral hobgoblin but do no damage.
The spectral hobgoblin hits you but does no damage.
You barely miss the spectral hobgoblin. You tail-slap the spectral hobgoblin.
The spectral hobgoblin is heavily damaged.
The spectral hobgoblin hits you but does no damage.
You completely miss the spectral hobgoblin.
The spectral hobgoblin is heavily damaged.
The spectral hobgoblin hits you but does no damage.
You hit the spectral hobgoblin but do no damage.
The spectral hobgoblin is heavily damaged.
The spectral hobgoblin barely misses you.
You hit the spectral hobgoblin but do no damage.
You tail-slap the spectral hobgoblin, but do no damage.
The spectral hobgoblin is heavily damaged.
The spectral hobgoblin barely misses you.
You hit the spectral hobgoblin.
The spectral hobgoblin is severely damaged.
The spectral hobgoblin hits you.
* * * LOW HITPOINT WARNING * * *
You barely miss the spectral hobgoblin.
The spectral hobgoblin is severely damaged.
The spectral hobgoblin hits you.
You die...

#....#≈≈≈≈≈≈≈≈≈≈≈≈≈#
#....#≈≈≈≈≈≈≈≈≈≈≈≈≈#
#....#≈≈≈≈≈≈≈≈≈≈≈≈≈# ##
#....#≈≈≈≈≈≈≈≈≈≈≈≈≈#
#.#..#....#.............#
...≈..≈...#.8.⌠⌠⌠(⌠⌠⌠.8.#
#≈###.............#
#≈≈≈≈.≈#..###+###'###+###
≈..≈...#......Z@......#
≈≈≈.Z.≈#..≈.###########
≈.≈...≈#≈≈≈.#
≈≈≈_≈≈≈≈≈≈≈##
#≈##≈##≈8#.# ≈≈ .. #≈##.#
≈.. ≈.# ...# ### ...#


You could see a spectral hobgoblin.

Vanquished Creatures
  A quokka (D:1)
1 creature vanquished.

Notes
Turn   | Place    | Note
-------+----------+-------------------------------------------
     0 | D:1      | siradein the Draconian Necromancer began the quest for the
                  | Orb.
     0 | D:1      | Reached XP level 1. HP: 14/14 MP: 3/3
    25 | D:1      | Found a faded altar of an unknown god.
    63 | D:1      | Slain by a spectral hobgoblin

Illustrated notes

Levels and vault maps discovered:
D:1:      zaba_arrival_water, layout_basic,
          dreamdust_ecumenical_altar_drowned_temple

Action                   || total
-------------------------++-------
Melee: Unarmed           ||    26
       Tailslap          ||     6
Armor: Skin              ||     7
Dodge: Dodged            ||    18

Table legend: (Time is in decaauts)
 A = Elapsed time spent in this place.
 B = Non-inter-level travel time spent in this place.
 C = Inter-level travel time spent in this place.
 D = Time resting spent in this place.
 E = Time spent auto-exploring this place.
 F = Levels seen in this place.
 G = Mean time per level.
                   A        B        C        D        E       F      G
               +--------+--------+--------+--------+--------+-----+--------+
         Total |     70 |     70 |      0 |      0 |     33 |   1 |   70.0 |
       Dungeon |     70 |     70 |      0 |      0 |     33 |   1 |   70.0 |
               +--------+--------+--------+--------+--------+-----+--------+

Top non-repeatable levels by time:
     D:1: 70 daAuts
